 Dungeon Crawl Stone Soup version 0.31-a0-538-gbc85326fa9 (webtiles) character file.

Game seed: 18298815762410168079

1488 HallandMoats the Agnostic (level 8, 0/68 HPs)
             Began as a Demonspawn Monk on Aug 14, 2023.
             Slain by an ogre
             ... wielding a +0 giant club
              (23 damage)
             ... on level 6 of the Dungeon.
             The game lasted 00:07:44 (5375 turns).

HallandMoats the Agnostic (Demonspawn Monk)         Turns: 5375, Time: 00:07:45

Health: 0/68       AC:  8    Str: 13    XL:     8   Next: 51%
Magic:  15/15      EV: 11    Int: 13    God:
Gold:   248        SH:  0    Dex: 15    Spells: 7/7 levels left

rFire   . . .        b - +1 whip (venom)
rCold   . . .        d - orb {light}
rNeg    + . .        g - +0 ring mail
rPois   .            h - +2 helmet
rElec   .            (no cloak)
rCorr   .            (no gloves)
SInv    .            (no boots)
Will    .....        (no amulet)
Stlth   +            e - ring of positive energy
HPRegen 0.31/turn    (no ring)
MPRegen 0.14/turn

%: no passive effects
@: glowing
A: hooves 1, demonic magic 2
a: no special abilities


You were on level 6 of the Dungeon.
You visited 1 branch of the dungeon, and saw 6 of its levels.

You collected 425 gold pieces.
You spent 177 gold pieces at shops.

Inventory:

Hand Weapons
 a - a +0 hand axe
 b - a +1 whip of venom (weapon)
Armour
 d - an orb of light (worn)
 g - a +0 ring mail (worn)
 h - a +2 helmet (worn)
Jewellery
 e - a ring of positive energy (left hand)
 v - a +6 ring of intelligence
Wands
 t - a wand of quicksilver (37)
Scrolls
 f - a scroll of torment {unknown}
 i - 11 scrolls of identify
 j - a scroll of fog {unknown}
 k - 3 scrolls of fear {unknown}
 m - a scroll of teleportation {unknown}
 n - 2 scrolls of amnesia {unknown}
 o - a scroll of blinking {unknown}
 p - 2 scrolls of enchant weapon {unknown}
 w - a scroll of revelation {unknown}
 y - a scroll of brand weapon {unknown}
 z - a scroll of poison {unknown}
Potions
 l - a potion of mutation {unknown}
 q - 2 potions of heal wounds {unknown}
 r - a potion of cancellation {unknown}
 s - 2 potions of brilliance {unknown}
 u - 3 potions of curing {unknown}
 x - a potion of invisibility {unknown}
 A - a potion of degeneration {unknown}


   Skills:
 + Level 8.1 Fighting
 - Level 2.6 Axes
 - Level 2.6 Dodging
 + Level 9.7 Invocations


You had 7 spell levels left.
You didn't know any spells.
Your spell library contained the following spells:

 Spells                   Type           Power      Damage    Failure   Level
 Foxfire                  Conj/Fire      0%         2x1d4     56%         1
 Ensorcelled Hibernation  Hex/Ice        0%         N/A       71%         2
 Passwall                 Tmut/Erth      0%         N/A       71%         2
 Portal Projectile        Hex/Tloc       0%         N/A       90%         3
 Swiftness                Air            0%         N/A       90%         3
 Tukima's Dance           Hex            0%         N/A       90%         3
 Iskenderun's Mystic Bla  Conj/Tloc      0%         2d3       100%        4
 Plasma Beam              Fire/Air       0%         2x1d10    100%        6
 Starburst                Conj/Fire      0%         6d3       100%        6


Dungeon Overview and Level Annotations

Branches:
Dungeon (6/15)
 Temple: D:4-7

Altars:
Hepliaklqana
Trog
Vehumet
Wu Jian
Yredelemnul

Shops:
D:2 [(*!   D:5 (:


Innate Abilities, Weirdness & Mutations

You have large cloven feet.
Spells you cast may paralyse nearby enemies.


Message History

Things that are here:
a +0 flail; a +0 leather armour; an orc corpse
There is a large broken door, spattered with blood here.
Things that are here:
a +0 flail; a +0 leather armour; an orc corpse It's broken and can't be closed.
You start resting.
A gnoll comes into view. It is wielding a +0 club.
You strike the helpless gnoll from behind!
You hit the gnoll.
The gnoll is poisoned.
The gnoll is moderately wounded.
The gnoll hits you with a +0 club!
You barely miss the gnoll.
The gnoll is moderately wounded.
The gnoll hits you but does no damage. The gnoll hits you with a +0 club.
You hit the gnoll.
The gnoll looks as sick as possible!
Your kick misses the gnoll.
The gnoll is severely wounded.
The gnoll closely misses you.
You hit the gnoll.
The gnoll looks as sick as possible!
The gnoll is almost dead.
You kill the gnoll!
You start resting.
A hobgoblin comes into view.
The hobgoblin shouts!
You hear a shout! x2
You hit the hobgoblin.
The hobgoblin is poisoned.
The hobgoblin is almost dead.
You kill the hobgoblin!
You start resting.
An ogre comes into view. It is wielding a +0 giant club.
You hit the ogre. You kick the ogre.
The ogre is moderately wounded.
The ogre hits you with a +0 giant club!
You hit the ogre but do no damage.
The ogre is poisoned.
You kick the ogre.
The ogre is moderately wounded.
The ogre hits you with a +0 giant club.
You hit the ogre but do no damage.
The ogre is moderately wounded.
The ogre hits you with a +0 giant club!!
You die...

###################
...'..............+
...'...)......).))+
...####)'########[#
#.@O.).....#.))#
#..........#...#
#..........#.>(###
#....../...#...#P♣♣
############'''#PPP
♣♣..P♣♣♣♣....♣PPP
P♣P..PP♣PP.....P♣P
P.P..P♣P♣P.....P.P
......P.P..........


You could see an ogre (very poisoned).

Vanquished Creatures
  Grinder (D:5)
  An ice beast (D:6)
  3 ogres
  A kobold brigand (D:6)
  A gnoll sergeant (D:5)
  A scorpion (D:5)
  A jelly (D:5)
  2 gnoll boudas (D:6)
  An orc priest (D:6)
  8 hounds
  A sleepcap (D:4)
  3 iguanas
  An orc wizard (D:6)
  5 adders
  9 gnolls
  A white imp (D:6)
  3 worms
  3 dart slugs
  An orc (D:4)
  4 bats
  12 endoplasms
  3 giant cockroaches
  7 goblins
  16 hobgoblins
  2 jackals (D:4)
  14 kobolds
  7 quokkas
  7 ball pythons
  10 frilled lizards
  7 rats
136 creatures vanquished.

Vanquished Creatures (others)
  A goblin (D:3)
1 creature vanquished.

Grand Total: 137 creatures vanquished

Notes
Turn   | Place    | Note
-------+----------+-------------------------------------------
     0 | D:1      | HallandMoats the Demonspawn Monk began the quest for the
                  | Orb.
     0 | D:1      | Reached XP level 1. HP: 18/18 MP: 1/1
    32 | D:1      | Reached skill level 1 in Invocations
   111 | D:1      | Gained mutation: Spells you cast may paralyse adjacent
                  | enemies. [demonic ancestry]
   111 | D:1      | Reached XP level 2. HP: 21/24 MP: 3/3
   289 | D:1      | Reached skill level 2 in Invocations
   415 | D:1      | Reached XP level 3. HP: 14/29 MP: 4/4
   822 | D:2      | Found Ireoqual's General Store.
   830 | D:2      | Bought a scroll of identify for 24 gold pieces
   875 | D:2      | Reached skill level 3 in Invocations
   932 | D:2      | Found Josuef's Antique Weapon Shop.
  1022 | D:2      | Found Ojaysm's Distillery.
  1037 | D:2      | Reached XP level 4. HP: 36/37 MP: 6/6
  1175 | D:2      | Reached skill level 4 in Invocations
  1184 | D:2      | Reached XP level 5. HP: 43/43 MP: 6/8
  1346 | D:2      | Found Hut Neyr's Antique Armour Emporium.
  2039 | D:3      | Found an ornate altar of the Wu Jian Council.
  2439 | D:4      | Reached skill level 5 in Fighting
  2439 | D:4      | Reached skill level 5 in Invocations
  2659 | D:4      | Found a bloodstained altar of Trog.
  3282 | D:4      | Gained mutation: Spells you cast may paralyse nearby
                  | enemies. [demonic ancestry]
  3282 | D:4      | Reached XP level 6. HP: 47/51 MP: 8/10
  3372 | D:4      | Found a basalt altar of Yredelemnul.
  3372 | D:4      | Found a radiant altar of Vehumet.
  3459 | D:5      | Entered Level 5 of the Dungeon
  3506 | D:2      | Bought a faintly glowing trident for 153 gold pieces
  3506 | D:2      | Identified the +1 trident of Itoshrus {holy, Str+3} (You
                  | bought it in a shop on level 2 of the Dungeon)
  3541 | D:5      | Found Ceetrir's Weapon Emporium.
  3648 | D:5      | Found Mairchiqe's Book Boutique.
  3666 | D:5      | Reached skill level 6 in Invocations
  3943 | D:5      | Reached XP level 7. HP: 55/58 MP: 10/12
  4004 | D:5      | Noticed Grinder
  4004 | D:5      | Paralysed by Grinder for 2 turns
  4030 | D:5      | Killed Grinder
  4031 | D:5      | Reached skill level 7 in Invocations
  4546 | D:6      | Found a hazy altar of Hepliaklqana.
  4610 | D:6      | Reached skill level 8 in Invocations
  4732 | D:6      | Gained mutation: You have large cloven feet. [demonic
                  | ancestry]
  4732 | D:6      | Reached XP level 8. HP: 49/67 MP: 14/14
  4785 | D:6      | Reached skill level 9 in Invocations
  5375 | D:6      | Slain by an ogre

Illustrated notes

Levels and vault maps discovered:
D:1:      amcnicky_arrival_single_pillar, layout_rooms, nicolae_titane
D:2:      layout_rooms, serial_shops, shop, shop, shop,
          nicolae_shop_statue_plus, basic_altar, minmay_between
D:3:      layout_loops_cross, nzn_wu_jian_council_hall, minmay_three_crescents
D:4:      layout_layer_cave, trog_butcher_becter,
          gammafunk_temple_overflow_elements
D:5:      nicolae_cairo_tiling_large, layout_basic, serial_shops,
          nicolae_shop_behind_doors, shop, hex_large, uniq_grinder
D:6:      kennysheep_housing_project, layout_cave_pools, lemuel_round_altar,
          nicolae_ashenzari_skybound, minmay_temple_entry_stoned_glass,
          minmay_liquid_box, nicolae_nh_ransacked_shop

Skill      XL: |  1  2  3  4  5  6  7  8 |
---------------+-------------------------+-----
Invocations    | 1 2 3 4 5 6 8 9 |  9.7
Fighting       | 4 5 6 7 8 |  8.1
Axes           | |  2.6
Dodging        | |  2.6

Action                     |  1- 3 |  4- 6 |  7- 9 || total
---------------------------+-------+-------+-------++-------
  Melee: Hand axe          |    60 |       |       ||    60
         Whip              |    41 |   184 |   143 ||   368
         Kick              |       |       |    36 ||    36
    Use: Potion            |       |       |     1 ||     1
   Stab: Distracted        |       |       |     1 ||     1
 Armour: Robe              |    10 |       |       ||    10
         Ring mail         |    33 |    64 |    50 ||   147
  Dodge: Dodged            |    89 |    96 |    72 ||   257

Table legend: (Time is in decaauts)
 A = Elapsed time spent in this place.
 B = Non-inter-level travel time spent in this place.
 C = Inter-level travel time spent in this place.
 D = Time resting spent in this place.
 E = Time spent auto-exploring this place.
 F = Levels seen in this place.
 G = Mean time per level.
                   A        B        C        D        E       F      G
               +--------+--------+--------+--------+--------+-----+--------+
         Total |   5396 |   5215 |    181 |    714 |   3396 |   6 |  899.3 |
       Dungeon |   5396 |   5215 |    181 |    714 |   3396 |   6 |  899.3 |
               +--------+--------+--------+--------+--------+-----+--------+

Top non-repeatable levels by time:
     D:4: 1446 daAuts
     D:5: 1174 daAuts
     D:2: 719 daAuts
     D:1: 702 daAuts
     D:3: 686 daAuts
     D:6: 667 daAuts
